 Dungeon Crawl Stone Soup version 0.31-a0-1424-g2add1c7226 (webtiles) character file.

Game seed: 2845749303243849359

3178 Yorgos the Mimic (level 9, -2/120 HPs)
             Began as a Troll Shapeshifter on Dec 26, 2023.
             Was an Elder of Okawaru.
             Slain by a hornet (11 damage)
             ... on level 8 of the Dungeon.
             The game lasted 00:15:38 (6675 turns).

Yorgos the Mimic (Troll Shapeshifter)               Turns: 6675, Time: 00:15:38

Health: -2/120     AC: 24    Str: 26    XL:     9   Next: 63%
Magic:  8/10       EV:  1    Int:  8    God:    Okawaru [****..]
Gold:   314        SH:  0    Dex:  9    Spells: 8/8 levels left

rFire   . .          .
                       - Unarmed
rCold   . . .        (no shield)
rNeg    + . .        M - melded +0 steam dragon scales
rPois   +            (helmet currently unavailable)
rElec   .            (cloak currently unavailable)
rCorr   .            (gloves unavailable)
SInv    +            (boots unavailable)
Will    .....        (no amulet)
Stlth   +++          v - ring of positive energy
HPRegen 1.20/turn    w - ring of see invisible
MPRegen 0.12/turn

%: no passive effects
@: lethally poisoned (-2 -> -4), tree-form, heroic, slowed, very slow
A: stationary, stasis, torment immunity, boosted hp, large, unfitting armour,
(claws 3), regeneration 1, (shaggy fur 1), (tough skin 1)
a: Renounce Religion, Heroism, Finesse


You were on level 8 of the Dungeon.
You worshipped Okawaru.
Okawaru was greatly pleased with you.
You were a tree.
You visited 2 branches of the dungeon, and saw 9 of its levels.

You collected 314 gold pieces.

Inventory:

Missiles
 e - 3 throwing nets
 l - 3 poisoned darts
Armour
 M - +0 steam dragon scales (melded)
Jewellery
 v - a ring of positive energy (left branch)
 w - a ring of see invisible (right branch)
 z - a ring of fire
 H - a ring of positive energy
Talismans
 c - a beast talisman
 d - a flux talisman
 D - a blade talisman (active)
 G - a storm talisman
Wands
 x - a wand of flame (22)
 y - a wand of polymorph (5)
Scrolls
 h - 3 scrolls of teleportation {unknown}
 i - 8 scrolls of identify {unknown}
 j - 2 scrolls of silence {unknown}
 k - a scroll of vulnerability {unknown}
 o - 2 scrolls of poison {unknown}
 p - 3 scrolls of enchant weapon {unknown}
 s - 2 scrolls of enchant armour {unknown}
 A - a scroll of amnesia {unknown}
 B - a scroll of brand weapon {unknown}
 C - a scroll of revelation {unknown}
 E - a scroll of noise {unknown}
 J - 2 scrolls of blinking {unknown}
 K - a scroll of immolation {unknown}
Potions
 f - 5 potions of curing {unknown}
 g - 3 potions of mutation {unknown}
 m - 2 potions of attraction {unknown}
 n - a potion of berserk rage {unknown}
 q - a potion of enlightenment {unknown}
 r - 2 potions of heal wounds {unknown}
 t - a potion of magic {unknown}
 u - 2 potions of cancellation {unknown}
 F - a potion of brilliance {unknown}
 I - a potion of resistance {unknown}
 L - a potion of invisibility {unknown}


   Skills:
 + Level 2.8(7.8) Fighting
 - Level 1.5(6.5) Dodging
 + Level 4.5(9.5) Unarmed Combat
 + Level 2.8 Invocations
 + Level 2.3 Evocations
 + Level 11.1 Shapeshifting


You had 8 spell levels left.
You didn't know any spells.
Your spell library contained the following spells:

 Spells                   Type           Power      Damage    Failure   Level
 Sandblast                Erth           0%         2d4       41%         1
 Passwall                 Alch/Erth      0%         N/A       54%         2
 Dazzling Flash           Conj/Hex       0%         N/A       78%         3
 Stone Arrow              Conj/Erth      0%         3d7       78%         3
 Volatile Blastmotes      Fire/Tloc      0%         2d10      78%         3
 Brom's Barrelling Bould  Conj/Erth      0%         2d3       99%         4
 Starburst                Conj/Fire      0%         6d3       100%        6
 Maxwell's Capacitive Co  Air            0%         ∞         100%        8


Dungeon Overview and Level Annotations

Branches:
Dungeon (8/15)             Temple (1/1) D:7
   Lair: D:8-11

Altars:
Ashenzari
Cheibriados
Dithmenos
Elyvilon
Fedhas
Gozag
Hepliaklqana
Kikubaaqudgha
Makhleb
Nemelex Xobeh
Okawaru
Qazlal
Ru
Sif Muna
Trog
Uskayaw
Vehumet
Wu Jian
Xom
Yredelemnul
Zin
The Shining One

Annotations:
D:4 2 runed translucent doors, Level1Goblin's ghost, amateur HOFi
D:6 1 runed translucent door, Crazy Yiuf
Temple 2 transporters


Innate Abilities, Weirdness & Mutations

You are a tree.
Your roots penetrate the ground, keeping you stationary.
You cannot be teleported.
You are immune to unholy pain and torment.
Your maximum health is greatly increased.
Your equipment is partially melded.
You are too large for most types of armour.
((You have claws for hands.))
Your natural rate of healing is unusually fast.
((You are covered in fur. (AC +1)))
((You have tough skin. (AC +1)))


Message History

You are poisoned.
You feel yourself slow down.
You miss the hornet.
You feel yourself speed up.
You feel very sick. The hornet stings you.
You suddenly lose the ability to move!
The hornet stings you!
You are more poisoned.
You feel yourself slow down.
You can move again.
You are too injured to fight recklessly!
You are too injured to fight recklessly!
You are too injured to fight recklessly!
You closely miss the hornet.
You feel very sick. The hornet stings you!
You are more poisoned.
You feel as though you will be slow longer.
The hornet barely misses you.
You hit the hornet. Your slash misses the hornet.
The hornet is lightly wounded.
You feel extremely sick. The hornet barely misses you. The hornet stings you!
* * * LOW HITPOINT WARNING * * *
You feel as though you will be slow longer.
You gain the combat prowess of a mighty hero.
You feel yourself speed up.
You feel very sick. The hornet closely misses you. The hornet stings you.
* * * LOW HITPOINT WARNING * * *
You feel yourself slow down.
Your hands revert to their normal proportions.
You turn into a tree.
Your +0 steam dragon scales melds into your body.
Your roots penetrate the ground.
You feel very sick. The hornet completely misses you. The hornet stings you.
* * * LOW HITPOINT WARNING * * *
The hornet stings you!
You die...

#..†#...#....... ..(# .o
#...#...#....... ...#...
#...#...#.......#...#..
##....###.....###.....###
#............#...........
#............#.....y.....
#............#...........
##....###y....###.....##
#...#..♣#.......#...#...
#. #...#...#.......#...#
#..###...#..[#.......#...#
#........#####...#####...#
##.##...## ##### ....
#.####.######... .#...
#............... .#...#
######.....####
#.............#


You could see a hornet.

Vanquished Creatures
  Jeremiah (D:7)
  A steam dragon (D:8)
  Menkaure (D:5)
  An acid dragon (D:6)
  2 black bears
  A sky beast (D:7)
  2 orc warriors (D:6)
  2 ogres
  7 centaurs
  4 phantoms
  A bullfrog (D:7)
  A scorpion (D:6)
  2 bombardier beetles
  4 hounds (D:5)
  A jelly (D:7)
  4 orc priests
  Terence (D:3)
  8 orc wizards
  4 iguanas
  2 gnolls
  9 adders
  A white imp (D:6)
  6 ufetubi (D:5)
  2 worms
  3 dart slugs
  27 orcs
  8 ball pythons
  5 bats
  7 endoplasms
  3 giant cockroaches
  4 goblins
  9 hobgoblins
  2 jackals (D:2)
  4 kobolds
  4 quokkas
  3 frilled lizards
  7 rats
154 creatures vanquished.

Notes
Turn   | Place    | Note
-------+----------+-------------------------------------------
     0 | D:1      | Yorgos the Troll Shapeshifter began the quest for the Orb.
     0 | D:1      | Reached XP level 1. HP: 18/18 MP: 0/0
   257 | D:1      | Reached XP level 2. HP: 20/26 MP: 1/1
   417 | D:1      | Reached skill level 4 in Shapeshifting
   418 | D:1      | Reached XP level 3. HP: 31/32 MP: 2/2
   839 | D:2      | Found a faded altar of an unknown god.
   902 | D:2      | Reached XP level 4. HP: 28/40 MP: 3/3
  1766 | D:3      | Reached skill level 5 in Shapeshifting
  1830 | D:3      | Reached XP level 5. HP: 41/46 MP: 4/4
  1998 | D:3      | Found a hazy altar of Hepliaklqana.
  2009 | D:3      | Found a shadowy altar of Dithmenos.
  2010 | D:3      | Found a bloodstained altar of Trog.
  2010 | D:3      | Found a snail-covered altar of Cheibriados.
  2010 | D:3      | Found an iron altar of Okawaru.
  2011 | D:3      | Found a shimmering altar of Xom.
  2012 | D:3      | Found a sacrificial altar of Ru.
  2021 | D:3      | Became a worshipper of Warmaster Okawaru
  2146 | D:3      | Noticed Terence
  2151 | D:3      | Killed Terence
  2205 | D:3      | Reached skill level 6 in Shapeshifting
  2221 | D:3      | Reached XP level 6. HP: 47/54 MP: 5/5
  2303 | D:3      | Found a glowing golden altar of the Shining One.
  2577 | D:4      | Reached * piety under Okawaru
  2589 | D:4      | Reached skill level 7 in Shapeshifting
  2824 | D:4      | Found a runed translucent door.
  2829 | D:4      | Noticed Level1Goblin's ghost (amateur HOFi)
  2860 | D:4      | Found a runed translucent door.
  3068 | D:4      | Reached XP level 7. HP: 59/61 MP: 6/6
  3324 | D:5      | Entered Level 5 of the Dungeon
  3333 | D:5      | Reached skill level 8 in Shapeshifting
  3349 | D:5      | Reached ** piety under Okawaru
  3537 | D:5      | Reached skill level 9 in Shapeshifting
  3662 | D:5      | Reached XP level 8. HP: 68/68 MP: 7/7
  3827 | D:5      | Found a radiant altar of Vehumet.
  3878 | D:5      | Noticed Menkaure
  3987 | D:5      | Found the +8 Wrath of Trog {antimagic, *Rage Rampage}
  4371 | D:6      | Reached skill level 10 in Shapeshifting
  4503 | D:6      | Reached *** piety under Okawaru
  4594 | D:5      | Killed Menkaure
  4707 | D:6      | Reached skill level 1 in Fighting
  5066 | D:6      | Reached skill level 1 in Invocations
  5134 | D:6      | Reached skill level 1 in Evocations
  5134 | D:6      | Reached XP level 9. HP: 62/76 MP: 8/8
  5223 | D:6      | Found a runed translucent door.
  5224 | D:6      | Noticed Crazy Yiuf
  5697 | D:7      | Reached **** piety under Okawaru
  5798 | D:7      | Found a staircase to the Ecumenical Temple.
  5869 | D:7      | Reached skill level 11 in Shapeshifting
  5878 | Temple   | Found a transporter.
  5878 | Temple   | Found a transporter.
  5878 | Temple   | Found a transporter.
  5878 | Temple   | Found a transporter.
  5878 | Temple   | Entered the Ecumenical Temple
  6042 | D:7      | Noticed Jeremiah
  6215 | D:7      | Killed Jeremiah
  6336 | D:7      | Found a blossoming altar of Fedhas.
  6368 | D:7      | Found a stormy altar of Qazlal.
  6671 | D:8      | Paralysed by a hornet for 1 turns
  6675 | D:8      | Slain by a hornet

Illustrated notes

Levels and vault maps discovered:
D:1:      matt_arrival_grand_opening, layout_basic
D:2:      wad_pebble_path, layout_rooms, serial_forest,
          infiniplex_forest_clump_double, infiniplex_forest_clump_tiny,
          infiniplex_forest_corner_2, infiniplex_forest_lined_corner,
          infiniplex_forest_clump_double, infiniplex_forest_end_2,
          infiniplex_forest_lined_2, infiniplex_forest_straight_4,
          ebering_ecumenical_altar_hall, minmay_pentomino_u4
D:3:      layout_loops_ring, tso_altar, minitemple, amcnicky_mini_pool_small,
          hangedman_decor_slide_cut, uniq_terence
D:4:      layout_loops_ring, ebering_ghost_sewer_f, kennysheep_generic_room_15
D:5:      minmay_diamond_boxcup, layout_loops_ring,
          nicolae_overflow_hidden_temple, amethyst_killhole,
          minmay_misc_feat_nine_boxes, uniq_menkaure
D:6:      layout_loops_ring, nrook_campfire, uniq_crazy_yiuf_cottage
D:7:      layout_loops_cross, grunt_temple_overflow_forces_of_nature,
          minmay_temple_entry_drinking_statues, uniq_jeremiah
D:8:      nicolae_hitomezashi [nicolae_hito_row, nicolae_hito_row,
          nicolae_hito_row, nicolae_hito_row, nicolae_hito_row,
          nicolae_hito_row, nicolae_hito_row, nicolae_hito_row,
          nicolae_hito_row, nicolae_hito_row, nicolae_hito_row,
          nicolae_hito_row, nicolae_hito_row, nicolae_hito_row,
          nicolae_hito_row, nicolae_hito_row, nicolae_hito_row,
          nicolae_hito_row], layout_basic, serial_shops,
          nicolae_shop_rolling_square
Temple:   hellmonk_temple_divided_pantheon

Skill      XL: |  1  2  3  4  5  6  7  8  9 |
---------------+----------------------------+-----
Shapeshifting  | 4 5 6 7 9 10 11 | 11.1
Fighting       | 1 2 |  2.8
Invocations    | 1 2 |  2.8
Evocations     | 1 2 |  2.3
Unarmed Combat | 4 |  4.5
Dodging        | |  1.5

Action                     |  1- 3 |  4- 6 |  7- 9 || total
---------------------------+-------+-------+-------++-------
  Melee: Unarmed           |    91 |   330 |   239 ||   660
         Punch             |     1 |    13 |     5 ||    19
 Invoke: Heroism           |       |       |     2 ||     2
    Use: Potion            |       |       |     1 ||     1
   Stab: Sleeping          |       |     1 |       ||     1
 Armour: Animal skin       |    58 |    85 |   138 ||   281
         Skin              |       |       |    79 ||    79
         Steam dragon scal |       |       |     6 ||     6
  Dodge: Dodged            |    45 |    59 |   173 ||   277
   Form: Flux              |       |       |     3 ||     3
         Blade             |       |       |     3 ||     3
         Beast             |       |       |     1 ||     1
         Storm             |       |       |     1 ||     1
                           |       |       |     1 ||     1

Table legend: (Time is in decaauts)
 A = Elapsed time spent in this place.
 B = Non-inter-level travel time spent in this place.
 C = Inter-level travel time spent in this place.
 D = Time resting spent in this place.
 E = Time spent auto-exploring this place.
 F = Levels seen in this place.
 G = Mean time per level.
                   A        B        C        D        E       F      G
               +--------+--------+--------+--------+--------+-----+--------+
         Total |   6643 |   6221 |    422 |    204 |   4515 |   9 |  738.1 |
       Dungeon |   6641 |   6219 |    422 |    204 |   4515 |   8 |  830.1 |
        Temple |      1 |      1 |      0 |      0 |      0 |   1 |    1.0 |
               +--------+--------+--------+--------+--------+-----+--------+

Top non-repeatable levels by time:
     D:6: 1156 daAuts
     D:5: 983 daAuts
     D:7: 979 daAuts
     D:2: 962 daAuts
     D:3: 870 daAuts
     D:4: 810 daAuts
     D:1: 692 daAuts
     D:8: 187 daAuts
  Temple: 1 daAuts
